 Dungeon Crawl Stone Soup version 0.31-a0-229-g1fc7ce93e2 (webtiles) character file.

Game seed: 10880667525800376828

259 qw the Shooter (level 6, -5/37 HPs)
             Began as a Gargoyle Hexslinger on July 6, 2023.
             Splashed by a jelly's acid (12 damage)
             ... on level 4 of the Dungeon.
             The game lasted 00:01:36 (3892 turns).

qw the Shooter (Gargoyle Hexslinger)                Turns: 3892, Time: 00:01:37

Health: -5/37      AC: -1    Str: 12    XL:     6   Next: 17%
Magic:  7/7        EV: 10    Int: 13    God:
Gold:   166        SH:  0    Dex: 14    Spells: 6/7 levels left

rFire   . . .        Y - +1 sling
rCold   . . .        (no shield)
rNeg    + . .        j - +0 ring mail
rPois   inf          (no helmet)
rElec   +            (no cloak)
rCorr   .            i - +0 pair of gloves
SInv    .            (no boots)
Will    .....        (no amulet)
Stlth   +            (no ring)
HPRegen 0.26/turn    (no ring)
MPRegen 0.10/turn

%: no passive effects
@: corroded
A: sickness immunity, AC +4, negative energy resistance 1, electricity
resistance, torment resistance 1, petrification resistance
a: no special abilities


You were on level 4 of the Dungeon.
You visited 1 branch of the dungeon, and saw 4 of its levels.

You collected 166 gold pieces.


Innate Abilities, Weirdness & Mutations

You are immune to sickness and miasma.
Your stone body is resilient. (AC +4)
You are immune to poison.
You resist negative energy. (rN+)
You are resistant to electric shocks. (rElec)
You are resistant to unholy torment.
You are immune to petrification.


   Skills:
 - Level 3.0 Fighting
 + Level 5.5 Ranged Weapons
 - Level 1.0 Armour
 - Level 1.5 Dodging
 - Level 1.0 Spellcasting
 - Level 2.6 Hexes


You had 6 spell levels left.
You knew the following spells:

 Your Spells              Type           Power      Damage    Failure   Level
a - Slow                  Hex            28%        N/A       22%         1

Your spell library contained the following spells:

 Spells                   Type           Power      Damage    Failure   Level
 Inner Flame              Hex/Fire       4%         N/A       73%         3
 Portal Projectile        Hex/Tloc       8%         N/A       73%         3
 Cause Fear               Hex            3%         N/A       91%         4

Inventory:

Hand Weapons
 Y - a +1 sling (weapon)
Armour
 i - a +0 pair of gloves (worn)
 j - a +0 ring mail (worn)
Jewellery
 k - an amulet of magic regeneration
Scrolls
 e - a scroll of identify
 l - a scroll of noise {unknown}
 m - a scroll of torment {unknown}
Potions
 a - a potion of might
 b - a potion of brilliance {unknown}
 c - 2 potions of berserk rage {unknown}
 d - a potion of lignification {unknown}
 f - a potion of enlightenment
 g - a potion of cancellation {unknown}
 h - a potion of attraction {unknown}

Dungeon Overview and Level Annotations

Branches:
Dungeon (4/15)
 Temple: D:4-7

Altars:

Shops:
D:4 :=


Message History

Enter note:
Enter note:
Enter note:
Enter note:
Enter note:
Enter note:
Enter note:
Enter note:
Enter note:
Enter note:
Enter note:
Enter note:
Enter note:
Enter note:
Enter note:
Enter note:
Enter note:
Enter note:
Enter note: You shoot a sling bullet.
The sling bullet hits the jelly.
The jelly is lightly wounded.
The jelly barely misses you.
You shoot a sling bullet. The sling bullet hits the jelly.
The jelly is heavily wounded.
The jelly barely misses you. The jelly hits you. The acid corrodes you!
You are splashed with acid!
You shoot a sling bullet. The sling bullet hits the jelly.
The jelly is severely wounded.
The jelly hits you. The acid corrodes you!
You are splashed with acid!
You shoot a sling bullet. The sling bullet hits the jelly.
The jelly is severely wounded.
The jelly barely misses you.
You shoot a sling bullet. The sling bullet hits the jelly.
The jelly is almost dead.
The jelly hits you but does no damage.
You shoot a sling bullet.
The sling bullet barely misses the jelly.
The jelly hits you. The acid corrodes you!
You are splashed with acid!
The jelly hits you.
You are splashed with acid!
You die...

#.. #####...#.. #####
#...#...#...#...#...#
# #.....#.###.#.....
.###...###...###...#
.#.###.#.....#.###.
#...#...#...#.. #..
#...#...#####...#..
#.J.#...#...#...#..
#@###.#.....#.###.
##...###...###...#
#.### ####.......
#.## #........ #.
#........ .#
#........ #. #.......
.# #####.#. #. #.#.


You could see a jelly.

Vanquished Creatures
  An iguana (D:4)
  A sleepcap (D:4)
  Jessica (D:2)
  Terence (D:3)
  An orc wizard (D:4)
  3 adders
  2 worms
  12 orcs
  3 endoplasms (D:4)
  4 giant cockroaches
  4 goblins
  11 hobgoblins
  2 jackals (D:3)
  6 kobolds
  2 quokkas (D:1)
  8 ball pythons
  9 bats
  4 frilled lizards (D:2)
  8 rats
83 creatures vanquished.

Notes
Turn   | Place    | Note
-------+----------+-------------------------------------------
     0 | D:1      | qw the Gargoyle Hexslinger began the quest for the Orb.
     0 | D:1      | Reached XP level 1. HP: 12/12 MP: 2/2
     0 | D:1      | 0 ||| qw: Version: 0.3-a-46-gb1f654a
     0 | D:1      | 0 ||| qw: Game counter: 1324
     0 | D:1      | 0 ||| qw: Melee chars always use a shield: true
     0 | D:1      | 0 ||| qw: God list: Okawaru
     0 | D:1      | 0 ||| qw: Allow faded altars: false
     0 | D:1      | 0 ||| qw: Do Orc after clearing Dungeon:15 true
     0 | D:1      | 0 ||| qw: Do second Lair branch before Depths: true
     0 | D:1      | 0 ||| qw: Lair rune preference: random
     0 | D:1      | 0 ||| qw: Goals: Normal
     0 | D:1      | 0 ||| PLANNING D:1-11
   148 | D:1      | Reached XP level 2. HP: 16/16 MP: 3/3
   386 | D:1      | Reached skill level 3 in Ranged Weapons
   432 | D:1      | Found a faded altar of an unknown god.
   790 | D:1      | Reached XP level 3. HP: 21/21 MP: 4/4
   891 | D:1      | 891 ||| UPGRADING to +0 pair of gloves.
   896 | D:1      | 896 ||| UPGRADING to +0 ring mail.
   906 | D:1      | 906 ||| DROPPING +0 robe.
   907 | D:1      | 907 ||| READING scroll labelled TABAUL JUONTO.
   908 | D:1      | 908 ||| READING 2 scrolls labelled VIBBIARIYR.
   909 | D:1      | 909 ||| READING 3 scrolls labelled GEOQAF DOASSI.
   910 | D:1      | 910 ||| READING scroll labelled XEOFFA HAJOCHUO.
   911 | D:1      | 911 ||| READING scroll labelled EVVYIGG RUSAV.
   912 | D:1      | 912 ||| DRINKING 2 glowing purple potions.
   913 | D:1      | 913 ||| DROPPING scroll of poison.
   914 | D:1      | 914 ||| DROPPING 2 scrolls of amnesia.
  1104 | D:2      | Reached skill level 1 in Armour
  1608 | D:2      | Noticed Jessica
  1611 | D:2      | 1611 ||| FLEEEEING.
  1612 | D:2      | 1612 ||| FLEEEEING.
  1613 | D:2      | 1613 ||| FLEEEEING.
  1614 | D:2      | 1614 ||| FLEEEEING.
  1615 | D:2      | 1615 ||| FLEEEEING.
  1616 | D:2      | 1616 ||| FLEEEEING.
  1617 | D:2      | 1617 ||| FLEEEEING.
  1618 | D:2      | 1618 ||| FLEEEEING.
  1619 | D:2      | 1619 ||| FLEEEEING.
  1620 | D:2      | 1620 ||| FLEEEEING.
  1621 | D:2      | 1621 ||| FLEEEEING.
  1622 | D:2      | 1622 ||| FLEEEEING.
  1623 | D:2      | 1623 ||| FLEEEEING.
  1624 | D:2      | 1624 ||| FLEEEEING.
  1625 | D:2      | 1625 ||| FLEEEEING.
  1632 | D:2      | 1632 ||| FLEEEEING.
  1633 | D:2      | 1633 ||| FLEEEEING.
  1634 | D:2      | 1634 ||| FLEEEEING.
  1635 | D:2      | 1635 ||| FLEEEEING.
  1636 | D:2      | 1636 ||| FLEEEEING.
  1637 | D:2      | 1637 ||| FLEEEEING.
  1638 | D:2      | 1638 ||| FLEEEEING.
  1639 | D:2      | 1639 ||| FLEEEEING.
  1640 | D:2      | 1640 ||| FLEEEEING.
  1641 | D:2      | 1641 ||| FLEEEEING.
  1642 | D:2      | 1642 ||| FLEEEEING.
  1643 | D:2      | 1643 ||| FLEEEEING.
  1644 | D:2      | 1644 ||| FLEEEEING.
  1645 | D:2      | 1645 ||| FLEEEEING.
  1646 | D:2      | 1646 ||| FLEEEEING.
  1648 | D:2      | 1648 ||| FLEEEEING.
  1649 | D:2      | 1649 ||| FLEEEEING.
  1665 | D:2      | 1665 ||| FLEEEEING.
  1666 | D:2      | 1666 ||| FLEEEEING.
  1667 | D:2      | 1667 ||| FLEEEEING.
  1668 | D:2      | 1668 ||| STAIRDANCE
  1673 | D:1      | 1673 ||| READING scroll labelled KARYTWA RABU.
  1674 | D:1      | 1674 ||| READING scroll labelled CAUTWAOFUE.
  1675 | D:1      | 1675 ||| READING scroll labelled QAUTOA GIVULLU.
  1690 | D:2      | Killed Jessica
  1691 | D:2      | Reached XP level 4. HP: 26/26 MP: 5/5
  2142 | D:3      | Reached skill level 4 in Ranged Weapons
  2546 | D:3      | Noticed Terence
  2558 | D:3      | Killed Terence
  2559 | D:3      | Reached XP level 5. HP: 13/30 MP: 6/6
  2885 | D:3      | 2885 ||| DRINKING 2 metallic black potions.
  2886 | D:3      | 2886 ||| READING 3 scrolls of identify.
  2886 | D:3      | 2886 ||| IDENTIFYING orange potion
  2887 | D:3      | 2887 ||| READING 2 scrolls of identify.
  2887 | D:3      | 2887 ||| IDENTIFYING puce potion
  2888 | D:3      | 2888 ||| DROPPING potion of degeneration.
  3079 | D:4      | Found Najaocacs's Jewellery Shoppe.
  3087 | D:4      | 3087 ||| SHOPLISTING +4 ring of protection (504 gold, have
                  | 140).
  3087 | D:4      | 3087 ||| SHOPLISTING amulet of reflection (420 gold, have
                  | 140).
  3087 | D:4      | 3087 ||| SHOPLISTING amulet of regeneration (420 gold, have
                  | 140).
  3087 | D:4      | 3087 ||| SHOPLISTING ring of positive energy (280 gold,
                  | have 140).
  3087 | D:4      | 3087 ||| SHOPLISTING ring of protection from cold (350
                  | gold, have 140).
  3087 | D:4      | 3087 ||| SHOPLISTING ring of see invisible (210 gold, have
                  | 140).
  3203 | D:4      | 3203 ||| FLEEEEING.
  3204 | D:4      | 3204 ||| FLEEEEING.
  3205 | D:4      | 3205 ||| FLEEEEING.
  3206 | D:4      | 3206 ||| DRINKING potion of curing.
  3206 | D:4      | 3206 ||| (to cure confusion)
  3209 | D:4      | HP: 7/30 [something (1)]
  3214 | D:4      | Reached skill level 5 in Ranged Weapons
  3358 | D:4      | Reached skill level 3 in Fighting
  3490 | D:4      | Found Zetazur's Tremendous Tomes.
  3542 | D:4      | Reached XP level 6. HP: 37/37 MP: 7/7
  3892 | D:4      | HP: 9/37 [acid (9)]
  3892 | D:4      | Splashed by a jelly's acid

Levels and vault maps discovered:
D:1:      wander_arrival_desolate, layout_loops_corners,
          shapermc_ecumenical_altar_gd
D:2:      minmay_razor_zed, layout_basic, uniq_jessica
D:3:      layout_loops_ring, minmay_parallelograms, uniq_terence
D:4:      nicolae_cairo_tiling, layout_cave_pods, serial_shops, shop,
          nicolae_shop_i_like_big_books

Skill      XL: |  1  2  3  4  5 |
---------------+----------------+-----
Ranged Weapons | 3 4 5 |  5.5
Fighting       | 2 3 |  3.0
Armour         | 1 |  1.0
Dodging        | |  1.5
Spellcasting   | |  1.0
Hexes          | |  2.6

Action                     |  1- 3 |  4- 6 || total
---------------------------+-------+-------++-------
  Melee: Unarmed           |     1 |       ||     1
   Fire: Sling             |   134 |   241 ||   375
    Use: Scroll            |     8 |     2 ||    10
         Potion            |     1 |     2 ||     3
 Armour: Robe              |    11 |       ||    11
         Ring mail         |    19 |   143 ||   162
  Dodge: Dodged            |    45 |   109 ||   154

Table legend:
 A = Non-vault XP
 B = Vault XP
 C = Vault XP percentage of total XP
 D = Non-vault monster count
 E = Vault monster count
 F = Vault count percentage of total count
                 A         B        C        D         E       F
            +---------+---------+-------+---------+---------+-------
      Total |     281 |      89 |  24.1 |      72 |      11 |  13.3
            +---------+---------+-------+---------+---------+-------
        D:1 |      34 |       0 |   0.0 |      22 |       0 |   0.0
        D:2 |      20 |      53 |  72.6 |      14 |      10 |  41.7
        D:3 |      38 |      36 |  48.6 |      10 |       1 |   9.1
        D:4 |     189 |       0 |   0.0 |      26 |       0 |   0.0
            +---------+---------+-------+---------+---------+-------
